 Dungeon Crawl Stone Soup version 0.16-a0-4038-ge07a62f (webtiles) character file.

50 Ololoev the Chopper (level 3, -4/30 HPs)
             Began as a Hill Orc Gladiator on Feb 19, 2015.
             Slain by a gnoll
             ... wielding a +0 flail of protection
              (7 damage)
             ... on level 2 of the Dungeon.
             The game lasted 00:01:57 (1081 turns).

Ololoev the Chopper (Hill Orc Gladiator)            Turns: 1081, Time: 00:01:57

Health: -4/30      AC:  6    Str: 18    XL:     3   Next: 79%
Magic:  3/3        EV: 12    Int:  8    God:
Gold:   48         SH:  0    Dex: 11    Spells: 0 memorised, 2 levels left

rFire  . . .     SeeInvis .     a - +0 war axe
rCold  . . .     Clarity  .     b - +0 leather armour
rNeg   . . .     SustAb   .     (no shield)
rPois  .         Gourm    .     c - +0 helmet
rElec  .         Spirit   .     (no cloak)
rCorr  .         Warding  .     e - +1 pair of gloves
rMut   .         Stasis   .     (no boots)
MR     .....                    (no amulet)
Stlth  +.........               (no ring)
                                (no ring)

@: not resistant to hostile enchantments, very unstealthy
A: no striking features
a: no special abilities


You were on level 2 of the Dungeon.
You were hungry.

You visited 1 branch of the dungeon, and saw 2 of its levels.

You collected 48 gold pieces.

Notes
Turn   | Place    | Note
--------------------------------------------------------------
     0 | D:1      | Ololoev, the Hill Orc Gladiator, began the quest for the Orb.
     0 | D:1      | Reached XP level 1. HP: 18/18 MP: 1/1
   238 | D:1      | Reached XP level 2. HP: 25/25 MP: 2/2
   437 | D:1      | Reached skill level 1 in Armour
   578 | D:1      | Reached skill level 5 in Axes
   578 | D:1      | Reached XP level 3. HP: 30/30 MP: 3/3
  1081 | D:2      | Slain by a gnoll

Inventory:

Hand weapons
 a - a +0 war axe (weapon)
Missiles
 d - 3 throwing nets (quivered)
Armour
 b - a +0 leather armour (worn)
 c - a +0 helmet (worn)
 e - a +1 pair of gloves (worn)
 h - a +0 chain mail
Scrolls
 g - a scroll of fear {unknown}
 k - a scroll of remove curse {unknown}
 l - a scroll of identify {unknown}
 m - a scroll of blinking {unknown}
 n - a scroll of amnesia {unknown}
Potions
 i - 2 potions of agility {unknown}
Comestibles
 f - a meat ration
 j - a bread ration

Table legend:
 A = Turns spent in this place as a percentage of turns spent in the entire game.
 B = Non-inter-level travel turns spent in this place as a percentage of non-inter-level travel turns spent in the entire game.
 C = Inter-level travel turns spent in this place as a percentage of turns spent in this place.
 D = Turns resting spent in this place as a percentage of non-inter-level travel turns spent in this place.
 E = Turns spent auto-exploring this place as a percentage of non-inter-level travel turns spent in this place.
 F = Non-inter-level travel turns spent in this place divided by the number of levels of this place that you've seen.
                   A       B       C       D       E      F
               +-------+-------+-------+-------+-------+----------------------
         Total | 100.0 | 100.0 |   0.2 |   0.4 |   9.4 | 282.5
       Dungeon | 100.0 | 100.0 |   0.2 |   0.4 |   9.4 | 282.5
               +-------+-------+-------+-------+-------+----------------------


   Skills:
 - Level 2.4 Fighting
 * Level 5.5 Axes
 - Level 2.0 Throwing
 + Level 1.8 Armour
 - Level 2.4 Dodging


You had 2 spell levels left.
You didn't know any spells.

Dungeon Overview and Level Annotations

Branches:
Dungeon (2/15)

Altars:


Message History

You are too injured to fight recklessly!
You are too injured to fight recklessly!
You are too injured to fight recklessly!
You are too injured to fight recklessly!
You are too injured to fight recklessly!
You are too injured to fight recklessly!
You are too injured to fight recklessly!
You are too injured to fight recklessly!
You are too injured to fight recklessly!
You are too injured to fight recklessly!
You are too injured to fight recklessly!
You are too injured to fight recklessly!
You are too injured to fight recklessly!
You are too injured to fight recklessly!
You are too injured to fight recklessly!
You are too injured to fight recklessly!
Unknown command.
The gnoll barely misses you. The gnoll misses you.
The giant newt barely misses you. The gnoll hits you but does no damage.
Found a stone staircase leading down.
You see here a spear.
You slash the gnoll!
The gnoll is severely wounded.
You completely miss the giant newt. You hit the adder but do no damage.
You hit the gnoll.
The gnoll is moderately wounded.
The adder closely misses you. The gnoll hits you with a spear.
The giant newt bites you but does no damage.
The gnoll misses you.
The gnoll hits you from afar with a spear.
The adder bites you.
You hit the gnoll but do no damage.
The gnoll is severely wounded.
You miss the giant newt. You barely miss the adder. You barely miss the gnoll.
The gnoll is moderately wounded.
The giant newt misses you. The gnoll closely misses you.
The adder bites you but does no damage.
The gnoll hits you from afar with a spear.
The gnoll hits you with a flail of protection!
You die...

.>. .... .#...####
#........ ##....%..
.......g# #.ggg#
#.l@# #..S#
####...####.#..
#.....(....S....
#.####.?###.##. #.#
#..##...#. ##.##
#..........
#.###.#.###.###...#.
#....###....# .##


You could see 3 gnolls, an adder, a goblin and a giant newt.

Table legend:
 A = Kills in this place as a percentage of kills in entire the game.
 B = Kills by you in this place as a percentage of kills by you in the entire game.
 C = Kills by friends in this place as a percentage of kills by friends in the entire game.
 D = Other kills in this place as a percentage of other kills in the entire game.
 E = Experience gained in this place as a percentage of experience gained in the entire game.
 F = Experience gained in this place divided by the number of levels of this place that you have seen.
                   A       B       C       D       E      F
               +-------+-------+-------+-------+-------+----------------------
         Total | 100.0 | 100.0 |  -nan |  -nan | 100.0 |  36.0
       Dungeon | 100.0 | 100.0 |  -nan |  -nan | 100.0 |  36.0
               +-------+-------+-------+-------+-------+----------------------

Vanquished Creatures
  A gnoll (D:2)
  A giant cockroach (D:1)
  5 goblins
  4 hobgoblins
  8 jackals
  A ball python (D:1)
  5 bats
  2 giant geckos (D:1)
  A giant newt (D:2)
  5 kobolds
  2 rats
35 creatures vanquished.

Action                   || total
-------------------------++-------
Melee: War axe           ||    95

Vault maps used:
D:1:      dpeg_arrival_pits, kennysheep_decorative_pillar
D:2:      amethyst_overflow_temple_binary
